Workbook

Sheet POE
C3: FORMULARIO 1
C4: PRESUPUESTO OFICIAL
C5: LICITACIÓN PÚBLICA
C6: LP-EFR-006-2019 - Adenda 6
C8: [El presente formulario formulario aplica para los procesos de contratación que tengan como forma de pago precios unitarios, la Entidad debe ajustarlo cuando la modalidad de pago corresponde a: precio global, llave en mano, administración delegada y reembolso de gastos]
C9: E X T E N S I Ó N T R O N C A L N Q S E N E L M U N I C I P I O D E S O A C H A (F A S E S I I Y I I I)
C10: Nº | D10: ITEM DE PAGO | E10: COMPONENTE | F10: DESCRIPCION | G10: UND. | H10: LOTE 1 | I10: LOTE 2 | J10: VALOR TOTAL
C12: C O M P O N E N T E S A V A L O R G L O B A L (Los valores incluyen AIU)
C13: A | E13: OBRAS PARA CONSTRUCCIÓN | F13: Comprende las obras civiles para la construcción de la extensión de la troncal NQS fases 2 y 3 en el municipio de Soacha, que incluye diseños, trabajos de campo, trámites de licencias y permisos, y todo costo indirecto | G13: GLN | H13: 1.9122511e+11 | I13: 1.274999e+11 | J13: =+H13+I13 -> 3.1872502e+11
C14: B | E14: PMA, SST, PGS | F14: Comprende las actividades de PMA, SSTy PGS (Incluida administración), durante la ejecución de las obras | G14: GLN | H14: =+'Formulario Lote 1'!H14 -> 5.7407262e+09 | I14: =+'Formulario Lote 2'!H14 -> 3065231646 | J14: =+H14+I14 -> 8.8059578e+09
C15: C | E15: PMT | F15: Comprende las actividades de PMT durante la ejecución de las obras | G15: GLN | H15: =+'Formulario Lote 1'!H15 -> 2842748207 | I15: =+'Formulario Lote 2'!H15 -> 1132151803 | J15: =+H15+I15 -> 3974900010
C16: S U B T O T A L C O M P O N E N T E S A V A L O R G L O B A L | H16: =SUM(H13:H15) -> 1.9980859e+11 | I16: =SUM(I13:I15) -> 1.3169728e+11 | J16: =+H16+I16 -> 3.3150587e+11
C17: C O M P O N E N T E S A P R E C I O S U N I T A R I O S (Los valores incluyen AIU)
C18: D | E18: REDES DE SERVICIOS PÚBLICOS | F18: Comprende las actividades de traslado de redes requeridos para la ejecución de las obras en preconstrucción para traslado anticipado de redes y las que se ejecutarán durante la etapa de construcción. | H18: =+'Formulario Lote 1'!H18 -> 3.6020885e+10 | I18: =+'Formulario Lote 2'!H18 -> 9.9545611e+09 | J18: =+H18+I18 -> 4.5975446e+10
C19: E | E19: ADECUACION DE DESVIOS | F19: Comprende las actividades para la adecuación de los desvíos en las etapas de preconstrucción y construcción de las obras. | H19: =+'Formulario Lote 1'!H19 -> 6.3381695e+09 | I19: =+'Formulario Lote 2'!H19 -> 5.4737331e+08 | J19: =+H19+I19 -> 6.8855428e+09
C20: F | E20: DEMOLICIÓN CIMENTACIONES | F20: Comprende las actividades de demolición de cimentación de predios que la EFR adquirirá y demolerá hasta placa de contrapiso | H20: =+'Formulario Lote 1'!H20 -> 1.0588341e+08 | I20: =+'Formulario Lote 2'!H20 -> 79876185 | J20: =+H20+I20 -> 1.857596e+08
C21: S U B T O T A L C O M P O N E N T E S A P R E C I O S U N I T A R I O S | H21: =SUM(H18:H20) -> 4.2464938e+10 | I21: =SUM(I18:I20) -> 1.0581811e+10 | J21: =SUM(J18:J20) -> 5.3046748e+10
C22: V A L O R T O T A L O B R A S A V A L O R G L O B A L (Incluye PMA, PMS Y PMT) Y A P R E C I O S U N I T A R I O S
C23: T O T A L | H23: =+H16+H21 -> 2.4227353e+11 | I23: =+I16+I21 -> 1.422791e+11 | J23: =+H23+I23 -> 3.8455262e+11
C25: VALOR TOTAL EN LETRAS:
C26: NOTA 1: Los valores antes indicados incluyen el AIU
C27: NOTA 2: Los valores marcados como "No Modificables" no pueden ser modificados por el proponente so pena de rechazo.

Sheet Formulario Lote 1
C3: FORMULARIO 1
C4: PRESUPUESTO OFICIAL
C5: LICITACIÓN PÚBLICA
C6: LP-EFR-006-2019 (Lote 1)
C8: [El presente formulario formulario aplica para los procesos de contratación que tengan como forma de pago precios unitarios, la Entidad debe ajustarlo cuando la modalidad de pago corresponde a: precio global, llave en mano, administración delegada y reembolso de gastos]
C9: E X T E N S I Ó N T R O N C A L N Q S E N E L M U N I C I P I O D E S O A C H A (F A S E S I I Y I I I) Comprendido entre la calle 24 y la calle 15 Sur.
C10: Nº | D10: ITEM DE PAGO | E10: COMPONENTE | F10: DESCRIPCION | G10: UND. | H10: LOTE 1
C12: C O M P O N E N T E S A V A L O R G L O B A L (Los valores incluyen AIU)
C13: A | E13: OBRAS PARA CONSTRUCCIÓN | F13: Comprende las obras civiles para la construcción de la extensión de la troncal NQS fases 2 y 3 en el municipio de Soacha, que incluye diseños, trabajos de campo, trámites de licencias y permisos, y todo costo indirecto | G13: GLN | I13: Valor a Ofertar
C14: B | E14: PMA, SST, PGS | F14: Comprende las actividades de PMA y PMS (Incluida administración), durante la ejecución de las obras, y todo costo indirecto | G14: GLN | H14: 5.7407262e+09 | I14: No modificable
C15: C | E15: PMT | F15: Comprende las actividades de PMT durante la ejecución de las obras, y todo costo indirecto | G15: GLN | H15: 2842748207 | I15: No modificable
C16: S U B T O T A L C O M P O N E N T E S A V A L O R G L O B A L | H16: =SUM(H13:H15) -> 8.5834744e+09
C17: C O M P O N E N T E S A P R E C I O S U N I T A R I O S (Los valores incluyen AIU)
C18: D | E18: REDES DE SERVICIOS PÚBLICOS | F18: Comprende las actividades de traslado de redes requeridos para la ejecución de las obras en preconstrucción para traslado anticipado de redes y las que se ejecutarán durante la etapa de construcción. | H18: =+'Obras a unitarios - Lote 1'!F520 -> 3.6020885e+10 | I18: No modificable
C19: E | E19: ADECUACION DE DESVIOS | F19: Comprende las actividades para la adecuación de los desvíos en las etapas de preconstrucción y construcción de las obras. | H19: =+'Obras a unitarios - Lote 1'!F514 -> 6.3381695e+09 | I19: No modificable
C20: F | E20: DEMOLICIÓN CIMENTACIONES | F20: Comprende las actividades de demolición de cimentación de predios que la EFR adquirirá y demolerá hasta placa de contrapiso | H20: =+'Obras a unitarios - Lote 1'!F521 -> 1.0588341e+08
C21: S U B T O T A L C O M P O N E N T E S A P R E C I O S U N I T A R I O S | H21: =SUM(H18:H20) -> 4.2464938e+10 | I21: No modificable
C22: V A L O R T O T A L O B R A S A V A L O R G L O B A L (Incluye PMA, STT, PGS Y PMT) Y A P R E C I O S U N I T A R I O S
C23: T O T A L | H23: =+H16+H21 -> 5.1048412e+10
C25: VALOR TOTAL EN LETRAS:
C26: NOTA 1: Los valores antes indicados incluyen el AIU
C27: NOTA 2: Los valores marcados como "No Modificables" no pueden ser modificados por el proponente so pena de rechazo.
C33: [Nombre completo]
C34: [Número de identificación]

Sheet Obras a unitarios - Lote 1
A2: ÍTEM | B2: DESCRIPCION | C2: UNIDAD | D2: Vr. UNITARIO | E2: CANT | F2: VR. TOTAL
D3: Los valores incluyen AIU
A4: A | B4: ADECUACIÓN DE DESVIOS | F4: =SUM(F5:F11) -> 6.3381695e+09
A5: 1.3.1 | B5: EXCAVACIÓN MECÁNICA EN MATERIAL COMÚN | C5: m³ | D5: 5628.5292 | E5: 7805 | F5: =+D5*E5 -> 43930670
A6: 1.3.2 | B6: TRANSPORTE DE MATERIALES PROV. DE EXPLANACIÓN, CANALES, PRESTAMOS, SOBREACARREOS Y DERRUMBES (INCLUYE DERECHO A BOTADERO Y FACTOR DE EXPANSION) | C6: m³- km | D6: 2559.48 | E6: 31481.666 | F6: =+D6*E6 -> 80576694
A7: 2.1.2 | B7: SUBBASE GRANULAR A (Suministro, Extendido, Nivelación, Humedecimiento y Compactación) (ET2005 - 400 - 05) incluye transporte | C7: m³ | D7: 136348.15 | E7: 8325 | F7: =+D7*E7 -> 1.1350984e+09
A8: 2.1.3 | B8: BASE GRANULAR BG-A INVIAS (INCLUYE SUMINISTRO TRANSPORTE, COLOCACION Y COMPACTACION). | C8: m³ | D8: 147203.84 | E8: 7270 | F8: =+D8*E8 -> 1.0701719e+09
A9: 2.1.5 | B9: Mezcla Densa en Caliente tipo MDC-19 | C9: m³ | D9: 645541.57 | E9: 2413 | F9: =+D9*E9 -> 1.5576918e+09
A10: 2.1.9 | B10: Mezcla Densa en Caliente tipo MDC-20 | C10: m³ | D10: 774554.49 | E10: 2413 | F10: =+D10*E10 -> 1.869e+09
A11: 2.1.14 | B11: Puentes Metálicos | C11: Global | D11: 581700000 | E11: 1 | F11: =+D11*E11 -> 581700000
A12: B | B12: SECCIÓN 9: REDES DE ALCANTARILLADO (A cargo del proyecto) | F12: =+F13+F61 -> 3.1618459e+09
A13: B.1. | B13: ALCANTARILLADO SANITARIO (A cargo del proyecto) | F13: =+F14+F16+F18+F22+F37+F45+F49+F51+F54+F58 -> 8.5389634e+08
A14: 9.1 | B14: EXCAVACION PARA REDES
A15: 9.1.1 | B15: EXCAVACION MANUAL PARA REDES PROFUNDIDAD 0m - 2m (Incluye Cargue y transporte de materiales a sitio de disposicion final )) | C15: m³ | D15: 43268.009 | E15: 0 | F15: =+D15*E15 -> 0
A16: 9.2 | B16: SUMINISTRO E INSTALACION DE ENTIBADOS | F16: =+F17 -> 0
A17: 9.2.2 | B17: ENTIBADO TIPO ED1, DISCONTINUO EN MADERA (Incluye Suministro e Instalación) | C17: m² | D17: 49489.873 | E17: 0 | F17: =+D17*E17 -> 0
A18: 9.3 | B18: SUMINISTRO E INTALACION DE RELLENOS | F18: =SUM(F19:F21) -> 8.3866752e+08
A19: 9.3.1 | B19: RELLENO PARA REDES EN SUBBASE GRANULAR B-400 (Suministro, Extendido, Humedecimiento y Compactación) | C19: m³ | D19: 94480.877 | E19: 6673.22 | F19: =+D19*E19 -> 6.3049168e+08
A20: 9.3.2 | B20: RELLENO PARA REDES EN SUBBASE GRANULAR B-200 (Suministro, Extendido, Humedecimiento y Compactación) | C20: m³ | D20: 85481.978 | E20: 585.5616 | F20: =+D20*E20 -> 50054964
A21: 9.3.4 | B21: SUBBASE GRANULAR EN RECEBO-Cal 3% (Suministro, Extendido, Nivelación, Humedecimiento y Compactación) | C21: und | D21: 82697.962 | E21: 1912.0287 | F21: =+D21*E21 -> 1.5812088e+08
A22: 9.4 | B22: SUMINISTRO E INSTALACION DE TUBERIA | F22: =SUM(F23:F36) -> 15228813
A23: 9.4.2 | B23: TUBERIA CONCRETO D=12" CL. I SIN REFUERZO (Incluye Suministro e Instalación) ( Incluye Anillo de caucho p/t) | C23: m | D23: 128207.84 | E23: 0 | F23: =+D23*E23 -> 0
A24: 9.4.3 | B24: TUBERIA CONCRETO D=14" CL. I SIN REFUERZO (Incluye Suministro e Instalación) ( Incluye Anillo de caucho p/t) | C24: m | D24: 133536.22 | E24: 0 | F24: =+D24*E24 -> 0
A25: 9.4.4 | B25: TUBERIA CONCRETO D=16" CL. I SIN REFUERZO (Incluye Suministro e Instalación) ( Incluye Anillo de caucho p/t) | C25: m | D25: 304373.36 | E25: 0 | F25: =+D25*E25 -> 0
A26: 9.4.5 | B26: TUBERIA CONCRETO D=8" CL. I SIN REFUERZO (Incluye Suministro e Instalación) ( Incluye Anillo de caucho p/t) | C26: m | D26: 65087.576 | E26: 70.7616 | F26: =+D26*E26 -> 4605701
A27: 9.4.6 | B27: TUBERIA CONCRETO D=10" CL. II SIN REFUERZO (Incluye Suministro e Instalación) ( Incluye Anillo de caucho p/t) | C27: m | D27: 89921.513 | E27: 118.1376 | F27: =+D27*E27 -> 10623112
A28: 9.4.7 | B28: TUBERIA CONCRETO D=12" CL. II SIN REFUERZO (Incluye Suministro e Instalación) ( Incluye Anillo de caucho p/t) | C28: m | D28: 143122.63 | E28: 0 | F28: =+D28*E28 -> 0
A29: 9.4.8 | B29: TUBERIA CONCRETO D=14" CL. II SIN REFUERZO (Incluye Suministro e Instalación) ( Incluye Anillo de caucho p/t) | C29: m | D29: 173455.96 | E29: 0 | F29: =+D29*E29 -> 0
A30: 9.4.9 | B30: TUBERIA CONCRETO D=16" CL. II SIN REFUERZO (Incluye Suministro e Instalación) ( Incluye Anillo de caucho p/t) | C30: m | D30: 253693.33 | E30: 0 | F30: =+D30*E30 -> 0
A31: 9.4.10 | B31: TUBERIA CONCRETO D=18" CL. II SIN REFUERZO (Incluye Suministro e Instalación) ( Incluye Anillo de caucho p/t) | C31: m | D31: 281808.06 | E31: 0 | F31: =+D31*E31 -> 0
A32: 9.4.11 | B32: TUBERIA CONCRETO D=20" CL. II SIN REFUERZO (Incluye Suministro e Instalación) ( Incluye Anillo de caucho p/t) | C32: m | D32: 337208 | E32: 0 | F32: =+D32*E32 -> 0
A33: 9.4.12 | B33: TUBERIA CONCRETO D=24" CL. II SIN REFUERZO (Incluye Suministro e Instalación) ( Incluye Anillo de caucho p/t) | C33: m | D33: 1314505.9 | E33: 0 | F33: =+D33*E33 -> 0
A34: 9.4.13 | B34: TUBERIA CONCRETO D=28" CL. II SIN REFUERZO (Incluye Suministro e Instalación) ( Incluye Anillo de caucho p/t) | C34: m | D34: 583248.49 | E34: 0 | F34: =+D34*E34 -> 0
... A36: 9.4.15 | B36: TUBERIA CONCRETO D=40" CL. IV REFORZADO (Incluye Suministro e Instalación) ( Incluye Anillo de caucho p/t) | C36: m | D36: 1248509.7 | E36: 0 | F36: =+D36*E36 -> 0
A37: 9.5 | B37: CONSTRUCCION DE POZOS DE INPECCION | F37: =SUM(F38:F44) -> 0
A38: 9.5.1 | B38: PLACA FONDO D=1.70m POZO INSPEC. (Fundida en Sitio. Incl. Sumin, Formalet, Ref, Inst. , , Incl. Concreto 2000 PSI de base) | C38: und | D38: 633095.52 | E38: 0 | F38: =+D38*E38 -> 0
A39: 9.5.2 | B39: CILINDRO POZO INSP. EN MAMPOSTERIA e=0.25m (Inc. Sumin. y Const, Acero para Escaleras, Geotextil y Pañete Impermeab.) | C39: m | D39: 764595.79 | E39: 0 | F39: =+D39*E39 -> 0
A40: 9.5.3 | B40: PLACA CUBIERTA D=1.70m POZO INSPEC. (Fundida en Sitio. Inc. Sum, Formalet., Refuerzo e Inst. Incl.Tapa en Polipropileno) | C40: und | D40: 2337783.7 | E40: 0 | F40: =+D40*E40 -> 0
A41: 9.5.4 | B41: NIVELACIÓN DE POZO (Hasta rasante en Concreto 3000 PSI Hecho en Obra, h=0.15m. Incluye Suministro y Construcción) | C41: und | D41: 99431.144 | E41: 0 | F41: =+D41*E41 -> 0
A42: 9.5.5 | B42: CONO PREFABRICADO POZO INSPECCION. (Suministro e Instalación. Incluye Tapa en Concreto.) | C42: und | D42: 355051.07 | E42: 0 | F42: =+D42*E42 -> 0
A43: 9.5.6 | B43: CILINDRO POZO INSP. EN MAMPOSTERIA e=0.37m (Inc. Sumin. y Const, Acero para Escaleras, Geotextil y Pañete Impermeab.) | C43: m | D43: 1103423.2 | E43: 0 | F43: =+D43*E43 -> 0
A44: 9.5.7 | B44: LIMPIEZA DE POZOS (Incluye Cargue, Retiro y Disposición Final de Sobrantes) | C44: und | D44: 54741.46 | E44: 0 | F44: =+D44*E44 -> 0
A45: 9.6 | B45: CONSTRUCCION DE SUMIDEROS | F45: =SUM(F46:F48) -> 0
A46: 9.6.1 | B46: SUMIDERO ALCANTARILLADO COMBINADO EN ANDEN NS-047-1V4 EAAB | C46: und | D46: 4674122.4 | E46: 0 | F46: =+D46*E46 -> 0
A47: 9.6.2 | B47: SUMIDERO PARA CANAL DE DRENAJE PREFABRICADO EN POLYCONCRETO CON REJA DE FUNDICIÓN, PD-150V, CLASE DE CARGA D400, Long=500mm, H= 575 mm, Ancho= 180 mm, en color natural, (No incluye: excavación, concreto, drenaje, rellenos, tapas o accesorios) | C47: und | D47: 790541.93 | E47: 0 | F47: =+D47*E47 -> 0
A48: 9.6.3 | B48: SUMIDERO PARA CANAL DE DRENAJE PREFABRICADO EN POLYCONCRETO, RD-200V, CLASE DE CARGA F900, INCLUYE REJILLA, Long=660 mm, H= 925 mm, Ancho= 260 mm, en color natural, (No incluye: excavación, concreto, drenaje, rellenos, tapas o accesorios) | C48: und | D48: 2328906.9 | E48: 0 | F48: =+D48*E48 -> 0
A49: 9.7 | B49: CONSTRUCCION DE CARACAMOS | F49: =+F50 -> 0
A50: 9.7.1 | B50: CARCAMO TIPO PLACA DE PROTECCIÓN PARA TUBERÍA Ø 32" NORMA EAAB NS-090 . 3v.2 | C50: m | D50: 299865.19 | E50: 0 | F50: =+D50*E50 -> 0
A51: 9.8 | B51: CONSTRUCCION DE INSTALACIONES DOMICILIARIAS | F51: =SUM(F52:F53) -> 0
A52: 9.8.1 | B52: CAJA DE INSPECCIÓN DE 0.6x0.6m (H=0.6m. Incluye Suministro y Construcción. Incluye Marco y Tapa. No Inc. Base y Cañuela) | C52: und | D52: 347727.46 | E52: 0 | F52: =+D52*E52 -> 0
A53: 9.8.2 | B53: TUBERIA CONCRETO D=6" CL. II SIN REFUERZO (Incluye Suministro e Instalación) | C53: m | D53: 66295.186 | E53: 0 | F53: =+D53*E53 -> 0
A54: 9.9 | B54: CONSTRUCCION DE CONCRETO PARA REDES | F54: =+D54*E54 -> 0
A55: 9.9.1 | B55: CONCRETO 2000 PSI PARA REDES (Suministro y Colocación) | C55: m³ | D55: 440979.79 | E55: 0 | F55: =+D55*E55 -> 0
A56: 9.9.2 | B56: CONCRETO 3000 PSI PARA REDES (Suministro y Colocación) | C56: m³ | D56: 517223.21 | E56: 0 | F56: =+D56*E56 -> 0
A57: 9.9.3 | B57: ACERO DE REFUERZO (Incluye Suministro, Figurado y Fijación) | C57: kg | D57: 3829.9128 | E57: 0 | F57: =+D57*E57 -> 0
A58: 9.10 | B58: CONSTRUCCION DE CAMARAS | F58: =SUM(F59:F60) -> 0
A59: 9.10.1 | B59: Concreto Clase C (f`c=28 MPa) PA CONSTRUCCION DE CAMARAS, INCLUYE , MANO DE OBRA, TRANSPORTE . | C59: m³ | D59: 677460.62 | E59: 0 | F59: =+D59*E59 -> 0
A60: 9.10.2 | B60: ACERO DE REFUERZO (Incluye Suministro, Figurado y Fijación) | C60: kg | D60: 3829.9128 | E60: 0 | F60: =+D60*E60 -> 0
A61: B.2 | B61: ALCANTARILLADO PLUVIAL (A cargo del proyecto) | F61: =+F62+F64+F66+F70+F85+F93+F98+F100+F103+F107 -> 2.3079496e+09
A62: 9.1 | B62: EXCAVACION PARA REDES (A cargo del proyecto) | F62: =+F63 -> 0
A63: 9.1.1 | B63: EXCAVACION MANUAL PARA REDES PROFUNDIDAD 0m - 2m (Incluye Cargue y transporte de materiales a sitio de disposicion final )) | C63: m³ | D63: 43268.009 | E63: 0 | F63: =+D63*E63 -> 0
A64: 9.2 | B64: SUMINISTRO E INSTALACION DE ENTIBADOS | F64: =+F65 -> 0
A65: 9.2.2 | B65: ENTIBADO TIPO ED1, DISCONTINUO EN MADERA (Incluye Suministro e Instalación) | C65: m² | D65: 49489.873 | E65: 0 | F65: =+D65*E65 -> 0
A66: 9.3 | B66: SUMINISTRO E INTALACION DE RELLENOS | F66: =SUM(F67:F69) -> 1.1160641e+09
A67: 9.3.1 | B67: RELLENO PARA REDES EN SUBBASE GRANULAR B-400 (Suministro, Extendido, Humedecimiento y Compactación) | C67: m³ | D67: 94480.877 | E67: 8880.4471 | F67: =+D67*E67 -> 8.3903243e+08
A68: 9.3.2 | B68: RELLENO PARA REDES EN SUBBASE GRANULAR B-200 (Suministro, Extendido, Humedecimiento y Compactación) | C68: m³ | D68: 85481.978 | E68: 779.24407 | F68: =+D68*E68 -> 66611325
A69: 9.3.4 | B69: SUBBASE GRANULAR EN RECEBO-Cal 3% (Suministro, Extendido, Nivelación, Humedecimiento y Compactación) | C69: und | D69: 82697.962 | E69: 2544.4438 | F69: =+D69*E69 -> 2.1042032e+08
A70: 9.4 | B70: SUMINISTRO E INSTALACION DE TUBERIA | F70: =SUM(F71:F84) -> 0
A71: 9.4.2 | B71: TUBERIA CONCRETO D=12" CL. I SIN REFUERZO (Incluye Suministro e Instalación) ( Incluye Anillo de caucho p/t) | C71: m | D71: 128207.84 | E71: 0 | F71: =+D71*E71 -> 0
A72: 9.4.3 | B72: TUBERIA CONCRETO D=14" CL. I SIN REFUERZO (Incluye Suministro e Instalación) ( Incluye Anillo de caucho p/t) | C72: m | D72: 133536.22 | E72: 0 | F72: =+D72*E72 -> 0
A73: 9.4.4 | B73: TUBERIA CONCRETO D=16" CL. I SIN REFUERZO (Incluye Suministro e Instalación) ( Incluye Anillo de caucho p/t) | C73: m | D73: 304373.36 | E73: 0 | F73: =+D73*E73 -> 0
A74: 9.4.5 | B74: TUBERIA CONCRETO D=8" CL. I SIN REFUERZO (Incluye Suministro e Instalación) ( Incluye Anillo de caucho p/t) | C74: m | D74: 65087.576 | E74: 0 | F74: =+D74*E74 -> 0
A75: 9.4.6 | B75: TUBERIA CONCRETO D=10" CL. II SIN REFUERZO (Incluye Suministro e Instalación) ( Incluye Anillo de caucho p/t) | C75: m | D75: 89921.513 | E75: 0 | F75: =+D75*E75 -> 0
A76: 9.4.7 | B76: TUBERIA CONCRETO D=12" CL. II SIN REFUERZO (Incluye Suministro e Instalación) ( Incluye Anillo de caucho p/t) | C76: m | D76: 143122.63 | E76: 0 | F76: =+D76*E76 -> 0
A77: 9.4.8 | B77: TUBERIA CONCRETO D=14" CL. II SIN REFUERZO (Incluye Suministro e Instalación) ( Incluye Anillo de caucho p/t) | C77: m | D77: 173455.96 | E77: 0 | F77: =+D77*E77 -> 0
A78: 9.4.9 | B78: TUBERIA CONCRETO D=16" CL. II SIN REFUERZO (Incluye Suministro e Instalación) ( Incluye Anillo de caucho p/t) | C78: m | D78: 253693.33 | E78: 0 | F78: =+D78*E78 -> 0
A79: 9.4.10 | B79: TUBERIA CONCRETO D=18" CL. II SIN REFUERZO (Incluye Suministro e Instalación) ( Incluye Anillo de caucho p/t) | C79: m | D79: 281808.06 | E79: 0 | F79: =+D79*E79 -> 0
A80: 9.4.11 | B80: TUBERIA CONCRETO D=20" CL. II SIN REFUERZO (Incluye Suministro e Instalación) ( Incluye Anillo de caucho p/t) | C80: m | D80: 337208 | E80: 0 | F80: =+D80*E80 -> 0
A81: 9.4.12 | B81: TUBERIA CONCRETO D=24" CL. II SIN REFUERZO (Incluye Suministro e Instalación) ( Incluye Anillo de caucho p/t) | C81: m | D81: 1314505.9 | E81: 0 | F81: =+D81*E81 -> 0
A82: 9.4.13 | B82: TUBERIA CONCRETO D=28" CL. II SIN REFUERZO (Incluye Suministro e Instalación) ( Incluye Anillo de caucho p/t) | C82: m | D82: 583248.49 | E82: 0 | F82: =+D82*E82 -> 0
... A84: 9.4.15 | B84: TUBERIA CONCRETO D=40" CL. IV REFORZADO (Incluye Suministro e Instalación) ( Incluye Anillo de caucho p/t) | C84: m | D84: 1248509.7 | E84: 0 | F84: =+D84*E84 -> 0
A85: 9.5 | B85: CONSTRUCCION DE POZOS DE INPECCION | F85: =SUM(F86:F92) -> 1.0757559e+08
A86: 9.5.1 | B86: PLACA FONDO D=1.70m POZO INSPEC. (Fundida en Sitio. Incl. Sumin, Formalet, Ref, Inst. , , Incl. Concreto 2000 PSI de base) | C86: und | D86: 633095.52 | E86: 169.92 | F86: =+D86*E86 -> 1.0757559e+08
A87: 9.5.2 | B87: CILINDRO POZO INSP. EN MAMPOSTERIA e=0.25m (Inc. Sumin. y Const, Acero para Escaleras, Geotextil y Pañete Impermeab.) | C87: m | D87: 764595.79 | E87: 0 | F87: =+D87*E87 -> 0
A88: 9.5.3 | B88: PLACA CUBIERTA D=1.70m POZO INSPEC. (Fundida en Sitio. Inc. Sum, Formalet., Refuerzo e Inst. Incl.Tapa en Polipropileno) | C88: und | D88: 2337783.7 | E88: 0 | F88: =+D88*E88 -> 0
A89: 9.5.4 | B89: NIVELACIÓN DE POZO (Hasta rasante en Concreto 3000 PSI Hecho en Obra, h=0.15m. Incluye Suministro y Construcción) | C89: und | D89: 99431.144 | E89: 0 | F89: =+D89*E89 -> 0
A90: 9.5.5 | B90: CONO PREFABRICADO POZO INSPECCION. (Suministro e Instalación. Incluye Tapa en Concreto.) | C90: und | D90: 355051.07 | E90: 0 | F90: =+D90*E90 -> 0
A91: 9.5.6 | B91: CILINDRO POZO INSP. EN MAMPOSTERIA e=0.37m (Inc. Sumin. y Const, Acero para Escaleras, Geotextil y Pañete Impermeab.) | C91: m | D91: 1103423.2 | E91: 0 | F91: =+D91*E91 -> 0
A92: 9.5.7 | B92: LIMPIEZA DE POZOS (Incluye Cargue, Retiro y Disposición Final de Sobrantes) | C92: und | D92: 54741.46 | E92: 0 | F92: =+D92*E92 -> 0
A93: 9.6 | B93: CONSTRUCCION DE SUMIDEROS | F93: =SUM(F94:F97) -> 1.0843099e+09
A94: 9.6.1 | B94: SUMIDERO ALCANTARILLADO COMBINADO EN ANDEN NS-047-1V4 EAAB | C94: und | D94: 4674122.4 | E94: 0 | F94: =+D94*E94 -> 0
A95: 9.6.2 | B95: SUMIDERO PARA CANAL DE DRENAJE PREFABRICADO EN POLYCONCRETO CON REJA DE FUNDICIÓN, PD-150V, CLASE DE CARGA D400, Long=500mm, H= 575 mm, Ancho= 180 mm, en color natural, (No incluye: excavación, concreto, drenaje, rellenos, tapas o accesorios) | C95: und | D95: 790541.93 | E95: 0 | F95: =+D95*E95 -> 0
A96: 9.6.3 | B96: SUMIDERO PARA CANAL DE DRENAJE PREFABRICADO EN POLYCONCRETO, RD-200V, CLASE DE CARGA F900, INCLUYE REJILLA, Long=660 mm, H= 925 mm, Ancho= 260 mm, en color natural, (No incluye: excavación, concreto, drenaje, rellenos, tapas o accesorios) | C96: und | D96: 2328906.9 | E96: 308 | F96: =+D96*E96 -> 7.1730333e+08
A97: 9.6.4 | B97: SUMIDERO ESPECIAL DE GARGANTA TIPO G | C97: und | D97: 1369427.7 | E97: 268 | F97: =+D97*E97 -> 3.6700662e+08
A98: 9.7 | B98: CONSTRUCCION DE CARCAMOS | F98: =+F99 -> 0
A99: 9.7.1 | B99: CARCAMO TIPO PLACA DE PROTECCIÓN PARA TUBERÍA Ø 32" NORMA EAAB NS-090 . 3v.2 | C99: m | D99: 299865.19 | E99: 0 | F99: =+D99*E99 -> 0
A100: 9.8 | B100: CONSTRUCCION DE INSTALACIONES DOMICILIARIAS | F100: =SUM(F101:F102) -> 0
A101: 9.8.1 | B101: CAJA DE INSPECCIÓN DE 0.6x0.6m (H=0.6m. Incluye Suministro y Construcción. Incluye Marco y Tapa. No Inc. Base y Cañuela) | C101: und | D101: 347727.46 | E101: 0 | F101: =+D101*E101 -> 0
A102: 9.8.2 | B102: TUBERIA CONCRETO D=6" CL. II SIN REFUERZO (Incluye Suministro e Instalación) | C102: m | D102: 66295.186 | E102: 0 | F102: =+D102*E102 -> 0
A103: 9.9 | B103: CONSTRUCCION DE CONCRETO PARA REDES | F103: =SUM(F104:F106) -> 0
...

Sheet Formulario Lote 2
C3: FORMULARIO 1
C4: PRESUPUESTO OFICIAL
C5: LICITACIÓN PÚBLICA
C6: LP-EFR-006-2019 (Lote 2)
C8: [El presente formulario formulario aplica para los procesos de contratación que tengan como forma de pago precios unitarios, la Entidad debe ajustarlo cuando la modalidad de pago corresponde a: precio global, llave en mano, administración delegada y reembolso de gastos]
C9: E X T E N S I Ó N T R O N C A L N Q S E N E L M U N I C I P I O D E S O A C H A (F A S E S I I Y I I I) Comprendido entre la calle 15 Sur y el patio-portal del sistema
C10: Nº | D10: ITEM DE PAGO | E10: COMPONENTE | F10: DESCRIPCION | G10: UND. | H10: LOTE 2
C12: C O M P O N E N T E S A V A L O R G L O B A L (Los valores incluyen AIU)
C13: A | E13: OBRAS PARA CONSTRUCCIÓN | F13: Comprende las obras civiles para la construcción de la extensión de la troncal NQS fases 2 y 3 en el municipio de Soacha, que incluye diseños, trabajos de campo, trámites de licencias y permisos, y todo costo indirecto | G13: GLN | I13: Valor a Ofertar
C14: B | E14: PMA, SST, PGS | F14: Comprende las actividades de PMA y PMS (Incluida administración), durante la ejecución de las obras, y todo costo indirecto | G14: GLN | H14: 3065231646 | I14: No modificable
C15: C | E15: PMT | F15: Comprende las actividades de PMT durante la ejecución de las obras, y todo costo indirecto | G15: GLN | H15: 1132151803 | I15: No modificable
C16: S U B T O T A L C O M P O N E N T E S A V A L O R G L O B A L | H16: =SUM(H13:H15) -> 4197383449
C17: C O M P O N E N T E S A P R E C I O S U N I T A R I O S (Los valores incluyen AIU)
C18: D | E18: REDES DE SERVICIOS PÚBLICOS | F18: Comprende las actividades de traslado de redes requeridos para la ejecución de las obras en preconstrucción para traslado anticipado de redes y las que se ejecutarán durante la etapa de construcción. | H18: =+'Obras a unitarios - Lote 2'!F520 -> 9.9545611e+09 | I18: No modificable
C19: E | E19: ADECUACION DE DESVIOS | F19: Comprende las actividades para la adecuación de los desvíos en las etapas de preconstrucción y construcción de las obras. | H19: =+'Obras a unitarios - Lote 2'!F514 -> 5.4737331e+08 | I19: No modificable
C20: F | E20: DEMOLICIÓN CIMENTACIONES | F20: Comprende las actividades de demolición de cimentación de predios que la EFR adquirirá y demolerá hasta placa de contrapiso | H20: =+'Obras a unitarios - Lote 2'!F521 -> 79876185
C21: S U B T O T A L C O M P O N E N T E S A P R E C I O S U N I T A R I O S | H21: =SUM(H18:H20) -> 1.0581811e+10 | I21: No modificable
C22: V A L O R T O T A L O B R A S A V A L O R G L O B A L (Incluye PMA, STT, PGS Y PMT) Y A P R E C I O S U N I T A R I O S
C23: T O T A L | H23: =+H16+H21 -> 1.4779194e+10
C25: VALOR TOTAL EN LETRAS:
C26: NOTA 1: Los valores antes indicados incluyen el AIU
C27: NOTA 2: Los valores marcados como "No Modificables" no pueden ser modificados por el proponente so pena de rechazo.
C33: [Nombre completo]
C34: [Número de identificación]

Sheet Obras a unitarios - Lote 2
A2: ÍTEM | B2: DESCRIPCION | C2: UNIDAD | D2: Vr. UNITARIO | E2: CANT | F2: VR. TOTAL
D3: Los valores incluyen AIU
A4: A | B4: ADECUACIÓN DE DESVIOS | F4: =SUM(F5:F11) -> 5.4737331e+08
A5: 1.3.1 | B5: EXCAVACIÓN MECÁNICA EN MATERIAL COMÚN | C5: m³ | D5: 5610.6286 | E5: 1800 | F5: =+D5*E5 -> 10099131
A6: 1.3.2 | B6: TRANSPORTE DE MATERIALES PROV. DE EXPLANACIÓN, CANALES, PRESTAMOS, SOBREACARREOS Y DERRUMBES (INCLUYE DERECHO A BOTADERO Y FACTOR DE EXPANSION) | C6: m³- km | D6: 2551.34 | E6: 7128.5022 | F6: =+D6*E6 -> 18187233
A7: 2.1.2 | B7: SUBBASE GRANULAR A (Suministro, Extendido, Nivelación, Humedecimiento y Compactación) (ET2005 - 400 - 05) incluye transporte | C7: m³ | D7: 135914.52 | E7: 740 | F7: =+D7*E7 -> 1.0057675e+08
A8: 2.1.3 | B8: BASE GRANULAR BG-A INVIAS (INCLUYE SUMINISTRO TRANSPORTE, COLOCACION Y COMPACTACION). | C8: m³ | D8: 146735.68 | E8: 614 | F8: =+D8*E8 -> 90095708
A9: 2.1.5 | B9: Mezcla Densa en Caliente tipo MDC-19 | C9: m³ | D9: 643488.54 | E9: 232 | F9: =+D9*E9 -> 1.4928934e+08
A10: 2.1.9 | B10: Mezcla Densa en Caliente tipo MDC-20 | C10: m³ | D10: 772091.15 | E10: 232 | F10: =+D10*E10 -> 1.7912515e+08
A11: 2.1.14 | B11: Puentes Metálicos | C11: Global | D11: 579850000 | E11: 0 | F11: =+D11*E11 -> 0
A12: B | B12: SECCIÓN 9: REDES DE ALCANTARILLADO (A cargo del proyecto) | F12: =+F13+F61 -> 5.4151795e+08
A13: B.1. | B13: ALCANTARILLADO SANITARIO (A cargo del proyecto) | F13: =+F14+F16+F18+F22+F37+F45+F49+F51+F54+F58 -> 1.6255561e+08
A14: 9.1 | B14: EXCAVACION PARA REDES
A15: 9.1.1 | B15: EXCAVACION MANUAL PARA REDES PROFUNDIDAD 0m - 2m (Incluye Cargue y transporte de materiales a sitio de disposicion final )) | C15: m³ | D15: 43130.403 | E15: 0 | F15: =+D15*E15 -> 0
A16: 9.2 | B16: SUMINISTRO E INSTALACION DE ENTIBADOS | F16: =+F17 -> 0
A17: 9.2.2 | B17: ENTIBADO TIPO ED1, DISCONTINUO EN MADERA (Incluye Suministro e Instalación) | C17: m² | D17: 49332.478 | E17: 0 | F17: =+D17*E17 -> 0
A18: 9.3 | B18: SUMINISTRO E INTALACION DE RELLENOS | F18: =SUM(F19:F21) -> 1.6255561e+08
A19: 9.3.1 | B19: RELLENO PARA REDES EN SUBBASE GRANULAR B-400 (Suministro, Extendido, Humedecimiento y Compactación) | C19: m³ | D19: 94180.397 | E19: 1297.5706 | F19: =+D19*E19 -> 1.2220571e+08
A20: 9.3.2 | B20: RELLENO PARA REDES EN SUBBASE GRANULAR B-200 (Suministro, Extendido, Humedecimiento y Compactación) | C20: m³ | D20: 85210.117 | E20: 113.8592 | F20: =+D20*E20 -> 9701955.8
A21: 9.3.4 | B21: SUBBASE GRANULAR EN RECEBO-Cal 3% (Suministro, Extendido, Nivelación, Humedecimiento y Compactación) | C21: und | D21: 82434.955 | E21: 371.78336 | F21: =+D21*E21 -> 30647945
A22: 9.4 | B22: SUMINISTRO E INSTALACION DE TUBERIA | F22: =SUM(F23:F36) -> 0
A23: 9.4.2 | B23: TUBERIA CONCRETO D=12" CL. I SIN REFUERZO (Incluye Suministro e Instalación) ( Incluye Anillo de caucho p/t) | C23: m | D23: 127800.1 | E23: 0 | F23: =+D23*E23 -> 0
A24: 9.4.3 | B24: TUBERIA CONCRETO D=14" CL. I SIN REFUERZO (Incluye Suministro e Instalación) ( Incluye Anillo de caucho p/t) | C24: m | D24: 133111.53 | E24: 0 | F24: =+D24*E24 -> 0
A25: 9.4.4 | B25: TUBERIA CONCRETO D=16" CL. I SIN REFUERZO (Incluye Suministro e Instalación) ( Incluye Anillo de caucho p/t) | C25: m | D25: 303405.35 | E25: 0 | F25: =+D25*E25 -> 0
A26: 9.4.5 | B26: TUBERIA CONCRETO D=8" CL. I SIN REFUERZO (Incluye Suministro e Instalación) ( Incluye Anillo de caucho p/t) | C26: m | D26: 64880.576 | E26: 0 | F26: =+D26*E26 -> 0
A27: 9.4.6 | B27: TUBERIA CONCRETO D=10" CL. II SIN REFUERZO (Incluye Suministro e Instalación) ( Incluye Anillo de caucho p/t) | C27: m | D27: 89635.532 | E27: 0 | F27: =+D27*E27 -> 0
A28: 9.4.7 | B28: TUBERIA CONCRETO D=12" CL. II SIN REFUERZO (Incluye Suministro e Instalación) ( Incluye Anillo de caucho p/t) | C28: m | D28: 142667.45 | E28: 0 | F28: =+D28*E28 -> 0
A29: 9.4.8 | B29: TUBERIA CONCRETO D=14" CL. II SIN REFUERZO (Incluye Suministro e Instalación) ( Incluye Anillo de caucho p/t) | C29: m | D29: 172904.31 | E29: 0 | F29: =+D29*E29 -> 0
A30: 9.4.9 | B30: TUBERIA CONCRETO D=16" CL. II SIN REFUERZO (Incluye Suministro e Instalación) ( Incluye Anillo de caucho p/t) | C30: m | D30: 252886.5 | E30: 0 | F30: =+D30*E30 -> 0
A31: 9.4.10 | B31: TUBERIA CONCRETO D=18" CL. II SIN REFUERZO (Incluye Suministro e Instalación) ( Incluye Anillo de caucho p/t) | C31: m | D31: 280911.81 | E31: 0 | F31: =+D31*E31 -> 0
A32: 9.4.11 | B32: TUBERIA CONCRETO D=20" CL. II SIN REFUERZO (Incluye Suministro e Instalación) ( Incluye Anillo de caucho p/t) | C32: m | D32: 336135.57 | E32: 0 | F32: =+D32*E32 -> 0
A33: 9.4.12 | B33: TUBERIA CONCRETO D=24" CL. II SIN REFUERZO (Incluye Suministro e Instalación) ( Incluye Anillo de caucho p/t) | C33: m | D33: 1310325.3 | E33: 0 | F33: =+D33*E33 -> 0
A34: 9.4.13 | B34: TUBERIA CONCRETO D=28" CL. II SIN REFUERZO (Incluye Suministro e Instalación) ( Incluye Anillo de caucho p/t) | C34: m | D34: 581393.56 | E34: 0 | F34: =+D34*E34 -> 0
... A36: 9.4.15 | B36: TUBERIA CONCRETO D=40" CL. IV REFORZADO (Incluye Suministro e Instalación) ( Incluye Anillo de caucho p/t) | C36: m | D36: 1244539 | E36: 0 | F36: =+D36*E36 -> 0
A37: 9.5 | B37: CONSTRUCCION DE POZOS DE INPECCION | F37: =SUM(F38:F44) -> 0
A38: 9.5.1 | B38: PLACA FONDO D=1.70m POZO INSPEC. (Fundida en Sitio. Incl. Sumin, Formalet, Ref, Inst. , , Incl. Concreto 2000 PSI de base) | C38: und | D38: 631082.07 | E38: 0 | F38: =+D38*E38 -> 0
A39: 9.5.2 | B39: CILINDRO POZO INSP. EN MAMPOSTERIA e=0.25m (Inc. Sumin. y Const, Acero para Escaleras, Geotextil y Pañete Impermeab.) | C39: m | D39: 762164.12 | E39: 0 | F39: =+D39*E39 -> 0
A40: 9.5.3 | B40: PLACA CUBIERTA D=1.70m POZO INSPEC. (Fundida en Sitio. Inc. Sum, Formalet., Refuerzo e Inst. Incl.Tapa en Polipropileno) | C40: und | D40: 2330348.7 | E40: 0 | F40: =+D40*E40 -> 0
A41: 9.5.4 | B41: NIVELACIÓN DE POZO (Hasta rasante en Concreto 3000 PSI Hecho en Obra, h=0.15m. Incluye Suministro y Construcción) | C41: und | D41: 99114.92 | E41: 0 | F41: =+D41*E41 -> 0
A42: 9.5.5 | B42: CONO PREFABRICADO POZO INSPECCION. (Suministro e Instalación. Incluye Tapa en Concreto.) | C42: und | D42: 353921.88 | E42: 0 | F42: =+D42*E42 -> 0
A43: 9.5.6 | B43: CILINDRO POZO INSP. EN MAMPOSTERIA e=0.37m (Inc. Sumin. y Const, Acero para Escaleras, Geotextil y Pañete Impermeab.) | C43: m | D43: 1099914 | E43: 0 | F43: =+D43*E43 -> 0
A44: 9.5.7 | B44: LIMPIEZA DE POZOS (Incluye Cargue, Retiro y Disposición Final de Sobrantes) | C44: und | D44: 54567.364 | E44: 0 | F44: =+D44*E44 -> 0
A45: 9.6 | B45: CONSTRUCCION DE SUMIDEROS | F45: =SUM(F46:F48) -> 0
A46: 9.6.1 | B46: SUMIDERO ALCANTARILLADO COMBINADO EN ANDEN NS-047-1V4 EAAB | C46: und | D46: 4659257.1 | E46: 0 | F46: =+D46*E46 -> 0
A47: 9.6.2 | B47: SUMIDERO PARA CANAL DE DRENAJE PREFABRICADO EN POLYCONCRETO CON REJA DE FUNDICIÓN, PD-150V, CLASE DE CARGA D400, Long=500mm, H= 575 mm, Ancho= 180 mm, en color natural, (No incluye: excavación, concreto, drenaje, rellenos, tapas o accesorios) | C47: und | D47: 788027.75 | E47: 0 | F47: =+D47*E47 -> 0
A48: 9.6.3 | B48: SUMIDERO PARA CANAL DE DRENAJE PREFABRICADO EN POLYCONCRETO, RD-200V, CLASE DE CARGA F900, INCLUYE REJILLA, Long=660 mm, H= 925 mm, Ancho= 260 mm, en color natural, (No incluye: excavación, concreto, drenaje, rellenos, tapas o accesorios) | C48: und | D48: 2321500.2 | E48: 0 | F48: =+D48*E48 -> 0
A49: 9.7 | B49: CONSTRUCCION DE CARACAMOS | F49: =+F50 -> 0
A50: 9.7.1 | B50: CARCAMO TIPO PLACA DE PROTECCIÓN PARA TUBERÍA Ø 32" NORMA EAAB NS-090 . 3v.2 | C50: m | D50: 298911.52 | E50: 0 | F50: =+D50*E50 -> 0
A51: 9.8 | B51: CONSTRUCCION DE INSTALACIONES DOMICILIARIAS | F51: =SUM(F52:F53) -> 0
A52: 9.8.1 | B52: CAJA DE INSPECCIÓN DE 0.6x0.6m (H=0.6m. Incluye Suministro y Construcción. Incluye Marco y Tapa. No Inc. Base y Cañuela) | C52: und | D52: 346621.57 | E52: 0 | F52: =+D52*E52 -> 0
A53: 9.8.2 | B53: TUBERIA CONCRETO D=6" CL. II SIN REFUERZO (Incluye Suministro e Instalación) | C53: m | D53: 66084.345 | E53: 0 | F53: =+D53*E53 -> 0
A54: 9.9 | B54: CONSTRUCCION DE CONCRETO PARA REDES | F54: =+D54*E54 -> 0
A55: 9.9.1 | B55: CONCRETO 2000 PSI PARA REDES (Suministro y Colocación) | C55: m³ | D55: 439577.33 | E55: 0 | F55: =+D55*E55 -> 0
A56: 9.9.2 | B56: CONCRETO 3000 PSI PARA REDES (Suministro y Colocación) | C56: m³ | D56: 515578.27 | E56: 0 | F56: =+D56*E56 -> 0
A57: 9.9.3 | B57: ACERO DE REFUERZO (Incluye Suministro, Figurado y Fijación) | C57: kg | D57: 3817.7324 | E57: 0 | F57: =+D57*E57 -> 0
A58: 9.10 | B58: CONSTRUCCION DE CAMARAS | F58: =SUM(F59:F60) -> 0
A59: 9.10.1 | B59: Concreto Clase C (f`c=28 MPa) PA CONSTRUCCION DE CAMARAS, INCLUYE , MANO DE OBRA, TRANSPORTE . | C59: m³ | D59: 675306.07 | E59: 0 | F59: =+D59*E59 -> 0
A60: 9.10.2 | B60: ACERO DE REFUERZO (Incluye Suministro, Figurado y Fijación) | C60: kg | D60: 3817.7324 | E60: 0 | F60: =+D60*E60 -> 0
A61: B.2 | B61: ALCANTARILLADO PLUVIAL (A cargo del proyecto) | F61: =+F62+F64+F66+F70+F85+F93+F98+F100+F103+F107 -> 3.7896234e+08
A62: 9.1 | B62: EXCAVACION PARA REDES | F62: =+F63 -> 0
A63: 9.1.1 | B63: EXCAVACION MANUAL PARA REDES PROFUNDIDAD 0m - 2m (Incluye Cargue y transporte de materiales a sitio de disposicion final )) | C63: m³ | D63: 43130.403 | E63: 0 | F63: =+D63*E63 -> 0
A64: 9.2 | B64: SUMINISTRO E INSTALACION DE ENTIBADOS | F64: =+F65 -> 0
A65: 9.2.2 | B65: ENTIBADO TIPO ED1, DISCONTINUO EN MADERA (Incluye Suministro e Instalación) | C65: m² | D65: 49332.478 | E65: 0 | F65: =+D65*E65 -> 0
A66: 9.3 | B66: SUMINISTRO E INTALACION DE RELLENOS | F66: =SUM(F67:F69) -> 2.1632229e+08
A67: 9.3.1 | B67: RELLENO PARA REDES EN SUBBASE GRANULAR B-400 (Suministro, Extendido, Humedecimiento y Compactación) | C67: m³ | D67: 94180.397 | E67: 1726.7536 | F67: =+D67*E67 -> 1.6262634e+08
A68: 9.3.2 | B68: RELLENO PARA REDES EN SUBBASE GRANULAR B-200 (Suministro, Extendido, Humedecimiento y Compactación) | C68: m³ | D68: 85210.117 | E68: 151.51968 | F68: =+D68*E68 -> 12911010
A69: 9.3.4 | B69: SUBBASE GRANULAR EN RECEBO-Cal 3% (Suministro, Extendido, Nivelación, Humedecimiento y Compactación) | C69: und | D69: 82434.955 | E69: 494.75296 | F69: =+D69*E69 -> 40784938
A70: 9.4 | B70: SUMINISTRO E INSTALACION DE TUBERIA | F70: =SUM(F71:F84) -> 0
A71: 9.4.2 | B71: TUBERIA CONCRETO D=12" CL. I SIN REFUERZO (Incluye Suministro e Instalación) ( Incluye Anillo de caucho p/t) | C71: m | D71: 127800.1 | E71: 0 | F71: =+D71*E71 -> 0
A72: 9.4.3 | B72: TUBERIA CONCRETO D=14" CL. I SIN REFUERZO (Incluye Suministro e Instalación) ( Incluye Anillo de caucho p/t) | C72: m | D72: 133111.53 | E72: 0 | F72: =+D72*E72 -> 0
A73: 9.4.4 | B73: TUBERIA CONCRETO D=16" CL. I SIN REFUERZO (Incluye Suministro e Instalación) ( Incluye Anillo de caucho p/t) | C73: m | D73: 303405.35 | E73: 0 | F73: =+D73*E73 -> 0
A74: 9.4.5 | B74: TUBERIA CONCRETO D=8" CL. I SIN REFUERZO (Incluye Suministro e Instalación) ( Incluye Anillo de caucho p/t) | C74: m | D74: 64880.576 | E74: 0 | F74: =+D74*E74 -> 0
A75: 9.4.6 | B75: TUBERIA CONCRETO D=10" CL. II SIN REFUERZO (Incluye Suministro e Instalación) ( Incluye Anillo de caucho p/t) | C75: m | D75: 89635.532 | E75: 0 | F75: =+D75*E75 -> 0
A76: 9.4.7 | B76: TUBERIA CONCRETO D=12" CL. II SIN REFUERZO (Incluye Suministro e Instalación) ( Incluye Anillo de caucho p/t) | C76: m | D76: 142667.45 | E76: 0 | F76: =+D76*E76 -> 0
A77: 9.4.8 | B77: TUBERIA CONCRETO D=14" CL. II SIN REFUERZO (Incluye Suministro e Instalación) ( Incluye Anillo de caucho p/t) | C77: m | D77: 172904.31 | E77: 0 | F77: =+D77*E77 -> 0
A78: 9.4.9 | B78: TUBERIA CONCRETO D=16" CL. II SIN REFUERZO (Incluye Suministro e Instalación) ( Incluye Anillo de caucho p/t) | C78: m | D78: 252886.5 | E78: 0 | F78: =+D78*E78 -> 0
A79: 9.4.10 | B79: TUBERIA CONCRETO D=18" CL. II SIN REFUERZO (Incluye Suministro e Instalación) ( Incluye Anillo de caucho p/t) | C79: m | D79: 280911.81 | E79: 0 | F79: =+D79*E79 -> 0
A80: 9.4.11 | B80: TUBERIA CONCRETO D=20" CL. II SIN REFUERZO (Incluye Suministro e Instalación) ( Incluye Anillo de caucho p/t) | C80: m | D80: 336135.57 | E80: 0 | F80: =+D80*E80 -> 0
A81: 9.4.12 | B81: TUBERIA CONCRETO D=24" CL. II SIN REFUERZO (Incluye Suministro e Instalación) ( Incluye Anillo de caucho p/t) | C81: m | D81: 1310325.3 | E81: 0 | F81: =+D81*E81 -> 0
A82: 9.4.13 | B82: TUBERIA CONCRETO D=28" CL. II SIN REFUERZO (Incluye Suministro e Instalación) ( Incluye Anillo de caucho p/t) | C82: m | D82: 581393.56 | E82: 0 | F82: =+D82*E82 -> 0
... A84: 9.4.15 | B84: TUBERIA CONCRETO D=40" CL. IV REFORZADO (Incluye Suministro e Instalación) ( Incluye Anillo de caucho p/t) | C84: m | D84: 1244539 | E84: 0 | F84: =+D84*E84 -> 0
A85: 9.5 | B85: CONSTRUCCION DE POZOS DE INPECCION | F85: =SUM(F86:F92) -> 23350036
A86: 9.5.1 | B86: PLACA FONDO D=1.70m POZO INSPEC. (Fundida en Sitio. Incl. Sumin, Formalet, Ref, Inst. , , Incl. Concreto 2000 PSI de base) | C86: und | D86: 631082.07 | E86: 37 | F86: =+D86*E86 -> 23350036
A87: 9.5.2 | B87: CILINDRO POZO INSP. EN MAMPOSTERIA e=0.25m (Inc. Sumin. y Const, Acero para Escaleras, Geotextil y Pañete Impermeab.) | C87: m | D87: 762164.12 | E87: 0 | F87: =+D87*E87 -> 0
A88: 9.5.3 | B88: PLACA CUBIERTA D=1.70m POZO INSPEC. (Fundida en Sitio. Inc. Sum, Formalet., Refuerzo e Inst. Incl.Tapa en Polipropileno) | C88: und | D88: 2330348.7 | E88: 0 | F88: =+D88*E88 -> 0
A89: 9.5.4 | B89: NIVELACIÓN DE POZO (Hasta rasante en Concreto 3000 PSI Hecho en Obra, h=0.15m. Incluye Suministro y Construcción) | C89: und | D89: 99114.92 | E89: 0 | F89: =+D89*E89 -> 0
A90: 9.5.5 | B90: CONO PREFABRICADO POZO INSPECCION. (Suministro e Instalación. Incluye Tapa en Concreto.) | C90: und | D90: 353921.88 | E90: 0 | F90: =+D90*E90 -> 0
A91: 9.5.6 | B91: CILINDRO POZO INSP. EN MAMPOSTERIA e=0.37m (Inc. Sumin. y Const, Acero para Escaleras, Geotextil y Pañete Impermeab.) | C91: m | D91: 1099914 | E91: 0 | F91: =+D91*E91 -> 0
A92: 9.5.7 | B92: LIMPIEZA DE POZOS (Incluye Cargue, Retiro y Disposición Final de Sobrantes) | C92: und | D92: 54567.364 | E92: 0 | F92: =+D92*E92 -> 0
A93: 9.6 | B93: CONSTRUCCION DE SUMIDEROS | F93: =SUM(F94:F97) -> 1.3929001e+08
A94: 9.6.1 | B94: SUMIDERO ALCANTARILLADO COMBINADO EN ANDEN NS-047-1V4 EAAB | C94: und | D94: 4659257.1 | E94: 0 | F94: =+D94*E94 -> 0
A95: 9.6.2 | B95: SUMIDERO PARA CANAL DE DRENAJE PREFABRICADO EN POLYCONCRETO CON REJA DE FUNDICIÓN, PD-150V, CLASE DE CARGA D400, Long=500mm, H= 575 mm, Ancho= 180 mm, en color natural, (No incluye: excavación, concreto, drenaje, rellenos, tapas o accesorios) | C95: und | D95: 788027.75 | E95: 0 | F95: =+D95*E95 -> 0
A96: 9.6.3 | B96: SUMIDERO PARA CANAL DE DRENAJE PREFABRICADO EN POLYCONCRETO, RD-200V, CLASE DE CARGA F900, INCLUYE REJILLA, Long=660 mm, H= 925 mm, Ancho= 260 mm, en color natural, (No incluye: excavación, concreto, drenaje, rellenos, tapas o accesorios) | C96: und | D96: 2321500.2 | E96: 60 | F96: =+D96*E96 -> 1.3929001e+08
A97: 9.6.4 | B97: SUMIDERO ESPECIAL DE GARGANTA TIPO G | C97: und | D97: 1365072.4 | E97: 0 | F97: =+D97*E97 -> 0
A98: 9.7 | B98: CONSTRUCCION DE CARCAMOS | F98: =+F99 -> 0
A99: 9.7.1 | B99: CARCAMO TIPO PLACA DE PROTECCIÓN PARA TUBERÍA Ø 32" NORMA EAAB NS-090 . 3v.2 | C99: m | D99: 298911.52 | E99: 0 | F99: =+D99*E99 -> 0
A100: 9.8 | B100: CONSTRUCCION DE INSTALACIONES DOMICILIARIAS | F100: =SUM(F101:F102) -> 0
A101: 9.8.1 | B101: CAJA DE INSPECCIÓN DE 0.6x0.6m (H=0.6m. Incluye Suministro y Construcción. Incluye Marco y Tapa. No Inc. Base y Cañuela) | C101: und | D101: 346621.57 | E101: 0 | F101: =+D101*E101 -> 0
A102: 9.8.2 | B102: TUBERIA CONCRETO D=6" CL. II SIN REFUERZO (Incluye Suministro e Instalación) | C102: m | D102: 66084.345 | E102: 0 | F102: =+D102*E102 -> 0
A103: 9.9 | B103: CONSTRUCCION DE CONCRETO PARA REDES | F103: =SUM(F104:F106) -> 0
...
